AoeStats
← BadLadyBoy

Golden Pit

510034536Analyzed
1v1 RM · 3d ago on Sep 29, 2026· 23m 8s· 2 players
Game mode
Random Map
Map size
Tiny (2 player)
Population
200
Speed
Normal
Resources
Standard
Victory
Conquest
Starting age
Dark Age
Ending age
Imperial Age
RankedLock teamsTeams togetherTeam positionsShared explorationLock speedFull tech treeHidden civsTurbo modeCheats
Victory
Defeat
🇪🇸 Byzantines · Spain
699
+17
🇺🇸 Aztecs · United States
730
-41
chesbass
14:03 Feudal Age
17:39 Wheelbarrow
19:35 Castle Age
17:53 Arson
20:10 Man-at-Arms
BadLadyBoy
3:04 Loom
13:29 Feudal Age
14:55 Wheelbarrow
15:51 Man-at-Arms
20:12 Forging
Connection lost

Rejoining the realm…

Still unreachable

The connection could not be restored.

Session expired

The server has moved on; the page needs a fresh start.